 Dungeon Crawl Stone Soup version 0.31-a0-210-gccc998df9b (webtiles) character file.

Game seed: 1550098523613180210

50 AvylaarBelgium the Conjurer (level 3, -1/19 HPs)
             Began as a Deep Elf Conjurer on June 30, 2023.
             Killed by divine providence
             ... invoked by an orc priest
              (14 damage)
             ... on level 3 of the Dungeon.
             The game lasted 00:01:32 (1463 turns).

AvylaarBelgium the Conjurer (Deep Elf Conjurer)     Turns: 1463, Time: 00:01:32

Health: -1/19      AC:  3    Str:  4    XL:     3   Next: 55%
Magic:  0/10       EV: 12    Int: 24    God:
Gold:   73         SH:  0    Dex: 13    Spells: 9/10 levels left

rFire   . . .        c - +2 short sword (speed)
rCold   . . .        (no shield)
rNeg    . . .        a - +0 robe
rPois   .            (no helmet)
rElec   .            (no cloak)
rCorr   .            h - +0 pair of gloves
SInv    .            (no boots)
Will    .....        (no amulet)
Stlth   ++           (no ring)
HPRegen 0.23/turn    (no ring)
MPRegen 0.12/turn

%: no passive effects
@: weak-willed
A: no striking features
a: no special abilities


You were on level 3 of the Dungeon.
You visited 1 branch of the dungeon, and saw 3 of its levels.

You collected 73 gold pieces.

Inventory:

Hand Weapons
 c - a +2 short sword of speed (weapon)
Armour
 a - a +0 robe (worn)
 h - a +0 pair of gloves (worn)
Scrolls
 f - 3 scrolls of identify {unknown}
 i - a scroll of enchant weapon {unknown}
 j - a scroll of teleportation {unknown}
 m - a scroll of fear {unknown}
 o - a scroll of revelation {unknown}
Potions
 b - a potion of magic
 d - a potion of might {unknown}
 g - a potion of attraction {unknown}
 k - a potion of mutation {unknown}
 n - 3 potions of brilliance {unknown}


   Skills:
 - Level 2.4 Dodging
 - Level 2.4 Stealth
 + Level 4.4 Spellcasting
 + Level 5.2 Conjurations


You had 9 spell levels left.
You knew the following spells:

 Your Spells              Type           Power      Damage    Failure   Level
a - Magic Dart            Conj           100%       1d8       1%          1

Your spell library contained the following spells:

 Spells                   Type           Power      Damage    Failure   Level
 Searing Ray              Conj           60%        2d6       1%          2
 Dazzling Flash           Conj/Hex       34%        N/A       10%         3
 Cigotuvi's Dreadful Rot  Necr/Pois/Air  10%        N/A       14%         2
 Frozen Ramparts          Ice            10%        1d2       28%         3
 Ignite Poison            Fire/Tmut/Pois 5%         N/A       28%         3
 Vhi's Electric Charge    Tloc/Air       10%        N/A       28%         3
 Fulminant Prism          Conj/Hex       8%         3d6       32%         4
 Iskenderun's Mystic Bla  Conj/Tloc      17%        2d5       32%         4
 Arcjolt                  Conj/Air       8%         1d18      65%         5
 Ice Form                 Ice/Tmut       5%         N/A       67%         4
 Summon Ice Beast         Ice/Summ       5%         N/A       67%         4
 Freezing Cloud           Conj/Ice/Air   6%         6-21      77%         5
 Plasma Beam              Fire/Air       2%         2x1d12    100%        6


Dungeon Overview and Level Annotations

Branches:
Dungeon (3/15)

Altars:
Xom


Message History

Aiming: Magic Dart (safe; 1% risk of failure)
Press: ? - help, Shift-Dir - straight line, f/p - orc priest
Aim: an orc priest, wielding a +0 flail and wearing a +0 ring mail (lightly wounded, weak-willed, 100% to hit)
The magic dart hits the orc priest.
The orc priest is moderately wounded.
Casting: Magic Dart (safe; 1% risk of failure)
Confirm with . or Enter, or press ? or * to list all spells.
Aiming: Magic Dart (safe; 1% risk of failure)
Press: ? - help, Shift-Dir - straight line, f/p - orc priest
Aim: an orc priest, wielding a +0 flail and wearing a +0 ring mail (moderately wounded, weak-willed, 100% to hit)
The magic dart hits the orc priest.
The orc priest is moderately wounded.
The orc priest hits you with a +0 flail.
Casting: Magic Dart (safe; 1% risk of failure)
Confirm with . or Enter, or press ? or * to list all spells.
Aiming: Magic Dart (safe; 1% risk of failure)
Press: ? - help, Shift-Dir - straight line, f/p - orc priest
Aim: an orc priest, wielding a +0 flail and wearing a +0 ring mail (moderately wounded, weak-willed, 100% to hit)
The magic dart hits the orc priest but does no damage.
The orc priest is moderately wounded.
The orc priest barely misses you.
Casting: Magic Dart (safe; 1% risk of failure)
Confirm with . or Enter, or press ? or * to list all spells.
Aiming: Magic Dart (safe; 1% risk of failure)
Press: ? - help, Shift-Dir - straight line, f/p - orc priest
Aim: an orc priest, wielding a +0 flail and wearing a +0 ring mail (moderately wounded, weak-willed, 100% to hit)
The magic dart hits the orc priest.
The orc priest is severely wounded.
The orc priest completely misses you.
Casting: Magic Dart (safe; 1% risk of failure)
Confirm with . or Enter, or press ? or * to list all spells.
Aiming: Magic Dart (safe; 1% risk of failure)
Press: ? - help, Shift-Dir - straight line, f/p - orc priest
Aim: an orc priest, wielding a +0 flail and wearing a +0 ring mail (severely wounded, weak-willed, 100% to hit)
The magic dart hits the orc priest but does no damage.
The orc priest is severely wounded.
The orc priest calls down the wrath of Beogh upon you.
Beogh smites you!
Ouch! That really hurt!
You die...

# .##################
............oooo@.######
.........########......#
.######..# ######.# o######o##
###......####### .o§§§§o.#
###.......##....<## ..§§§§###
###.................## ...§§##
##...#................#
.....#####..###................#
.....##........####............#


You could see an orc priest (weak-willed), an orc wizard and 2 orcs.

Vanquished Creatures
  An adder (D:3)
  A dart slug (D:3)
  An orc (D:3)
  2 ball pythons (D:1)
  2 endoplasms
  A giant cockroach (D:1)
  3 hobgoblins
  8 jackals
  5 bats
  3 frilled lizards (D:2)
  5 kobolds
  3 rats
35 creatures vanquished.

Notes
Turn   | Place    | Note
-------+----------+-------------------------------------------
     0 | D:1      | AvylaarBelgium the Deep Elf Conjurer began the quest for
                  | the Orb.
     0 | D:1      | Reached XP level 1. HP: 10/10 MP: 6/6
    97 | D:1      | Reached XP level 2. HP: 15/15 MP: 4/8
   768 | D:2      | Reached skill level 5 in Conjurations
   768 | D:2      | Reached XP level 3. HP: 19/19 MP: 8/10
  1280 | D:3      | Found a shimmering altar of Xom.
  1290 | D:3      | Found a shimmering altar of Xom.
  1290 | D:3      | Found a shimmering altar of Xom.
  1290 | D:3      | Found a shimmering altar of Xom.
  1463 | D:3      | Killed from afar by an orc priest

Illustrated notes

Levels and vault maps discovered:
D:1:      dpeg_arrival_stonehenge_8_columns, layout_basic
D:2:      layout_loops_corners
D:3:      layout_rooms, lemuel_round_altar, xom_redecorated,
          shapermc_ecumenical_altar_hornbeckon

Skill      XL: |  1  2 |
---------------+-------+-----
Spellcasting   | 4 |  4.4
Conjurations   | 5 |  5.2
Dodging        | |  2.4
Stealth        | |  2.4

Action                     || total
---------------------------++-------
  Melee: Short sword       ||     2
   Cast: Magic Dart        ||    69
    Use: Scroll            ||     2
 Armour: Robe              ||     1
  Dodge: Dodged            ||     5

Table legend: (Time is in decaauts)
 A = Elapsed time spent in this place.
 B = Non-inter-level travel time spent in this place.
 C = Inter-level travel time spent in this place.
 D = Time resting spent in this place.
 E = Time spent auto-exploring this place.
 F = Levels seen in this place.
 G = Mean time per level.
                   A        B        C        D        E       F      G
               +--------+--------+--------+--------+--------+-----+--------+
         Total |   1461 |   1423 |     38 |     53 |   1192 |   3 |  487.0 |
       Dungeon |   1461 |   1423 |     38 |     53 |   1192 |   3 |  487.0 |
               +--------+--------+--------+--------+--------+-----+--------+

Top non-repeatable levels by time:
     D:2: 772 daAuts
     D:1: 467 daAuts
     D:3: 220 daAuts
